 Dungeon Crawl Stone Soup version 0.20-a0-1015-g2ec8a95 (webtiles) character file.

14642 Gorglomux the Reanimator (level 11, -5/87 HPs)
             Began as a Mummy Necromancer on Apr 15, 2017.
             Was a Follower of Uskayaw.
             Hit by a javelin thrown by Urug (17 damage)
             ... on level 10 of the Dungeon.
             The game lasted 00:45:32 (13015 turns).

Gorglomux the Reanimator (Mummy Necromancer)       Turns: 13015, Time: 00:45:33

Health: -5/87      AC:  7    Str: 17    XL:     11   Next: 91%
Magic:  33/33      EV: 19    Int: 18    God:    Uskayaw [*.....]
Gold:   514        SH:  0    Dex: 13    Spells: 17/29 levels left

rFire    x . .     SeeInvis .   M - +4 quarterstaff "Yniraan" {venom, MP+9 Str+6}
rCold    + + .     Gourm    .   (shield currently unavailable)
rNeg     + + +     Faith    +   N - +2 robe {MR+}
rPois    ∞         Spirit   .   S - +2 hat
rElec    .         Reflect  .   Q - scarf {rC+}
rCorr    .         Harm     .   (no gloves)
MR       ++...                  E - +0 pair of boots
Stlth    ++........             I - amulet of faith
Regen    0.3/turn               H - ring of wizardry
MPRegen  0.3/turn               J - +4 ring of evasion

@: no status effects
A: no food or potions, fire vulnerability, cold resistance 1, negative energy
resistance 3, torment resistance, unbreathing
a: Stomp, Renounce Religion


You were on level 10 of the Dungeon.
You worshipped Uskayaw.
Uskayaw was noncommittal.
You were not hungry.

You visited 1 branch of the dungeon, and saw 11 of its levels.

You collected 527 gold pieces.
You spent 13 gold pieces at shops.

Inventory:

Hand Weapons
 M - the +4 quarterstaff "Yniraan" (weapon) {venom, MP+9 Str+6}
   (You found it on level 5 of the Dungeon)

   It poisons the flesh of those it strikes.
   It affects your strength (+6).
   It affects your magic capacity (+9).
Armour
 E - a +0 pair of boots (worn)
 N - a +2 robe of magic resistance (worn)
 Q - a scarf of cold resistance (worn)
 S - a +2 hat (worn)
 V - a +0 helmet
 W - a cursed +0 shield
 X - a +0 pair of boots
Magical Staves
 F - an uncursed staff of death
 P - an uncursed staff of earth
Jewellery
 r - an uncursed amulet of regeneration
 H - a ring of wizardry (left hand)
 I - an amulet of faith (around neck)
 J - a +4 ring of evasion (right hand)
Wands
 C - a wand of confusion (0/48)
 L - a wand of lightning (5/15)
 O - a wand of disintegration (9/24)
 Y - a wand of disintegration (18/24)
Scrolls
 z - a scroll of immolation {unknown}
 A - 2 scrolls of amnesia
 B - 2 scrolls of blinking
 D - a scroll of enchant armour
 K - 2 scrolls of enchant weapon
 R - a scroll of torment {unknown}
 T - 6 scrolls of teleportation
 U - 5 scrolls of fog
 Z - 3 scrolls of remove curse
Books
 b - a book of Necromancy

   Spells                             Type                      Level
   a - Pain                           Necromancy                   1
   b - Animate Skeleton               Necromancy                   1
   c - Vampiric Draining              Necromancy                   3
   d - Regeneration                   Charms/Necromancy            3
   e - Animate Dead                   Necromancy                   4
   f - Control Undead                 Necromancy                   4
Miscellaneous
 G - a lightning rod (inert)


   Skills:
 + Level 8.3 Fighting
 + Level 5.8 Staves
 + Level 6.2 Dodging
 - Level 1.5 Stealth
 - Level 9.6 Spellcasting
 + Level 10.8 Necromancy
 + Level 6.3 Invocations


You had 17 spell levels left.
You knew the following spells:

 Your Spells              Type           Power        Failure   Level  Hunger
a - Pain                  Necr           ####         1%          1    N/A
v - Vampiric Draining     Necr           #####.....   1%          3    N/A
E - Animate Dead          Necr           N/A          1%          4    N/A
U - Control Undead        Necr           #####.....   1%          4    N/A

Dungeon Overview and Level Annotations

Branches:
Dungeon (11/15)            Temple (0/1) D:7            Lair (0/6) D:9
    Orc (0/2) D:9

Altars:
Ashenzari
Dithmenos
Elyvilon
Fedhas
Nemelex Xobeh
Qazlal
Ru
Sif Muna
Uskayaw
Wu Jian
Yredelemnul
Zin

Shops:
D:7 ??%%*   D:8 %

Annotations:
D:9 exclusion: oklob plant
D:10 Urug


Innate Abilities, Weirdness & Mutations

You do not eat or drink.
Your flesh is vulnerable to fire.
You are immune to poison.
Your flesh is cold resistant. (rC+)
You are immune to negative energy. (rN+++)
You are immune to unholy pain and torment.
You can survive without breathing.


Message History

Level annotation: Urug Urug throws a javelin.
The javelin hits you!
There is a stone staircase leading up here.
You see here a javelin.
Urug hits you with a great mace of holy wrath!!
You convulse!!
* * * LOW HITPOINT WARNING * * *
You see here an arrow.
You are too injured to fight recklessly!
The orc wizard gestures at you while chanting.
The magic dart hits you!
* * * LOW HITPOINT WARNING * * *
There is a stone staircase leading up here.
You see here a javelin.
Urug completely misses you.
You climb upwards.
There is a stone staircase leading down here.
Urug throws a javelin.
The javelin misses you.
Urug throws a javelin.
The javelin hits you!
You die...

.###..##
#.#..###.)..# #.# .#
##.#
###.....#..##.###.#
.# #.#
#.........###.....#
.# #(# #.#......##
##.#### D# #.#
#.#.#...## #.# .#
#.# #.#o##.## #.# ##
#.# #.#>##.## #.#
#.# #.#.#...######.#
#.# #.#(@..........#
#.#
#####.###...########
#.# #.....# ##.##
#.###.##### #.#
#..##.# #.#
######.##.# #.#
....##.##.# #.#
###.##.##.# #.#
#.##.##.# #.#


You could see Urug.

Vanquished Creatures
  2 two-headed ogres
  An unseen horror (D:11)
  Pikel (D:8)
  An ugly thing (D:11)
  Maurice (D:8)
  Joseph (D:8)
  A troll (D:9)
  A hornet (D:10)
  Grinder (D:4)
  A human (D:7)
  6 yaks
  Sigmund (D:5)
  4 hogs (D:7)
  3 wargs (D:9)
  Edmund (D:4)
  8 orc warriors
  3 sky beasts (D:9)
  2 black bears
  An ice beast (D:10)
  2 necrophages (D:9)
  4 slaves (D:8)
  7 ogres
  12 centaurs
  3 big kobolds
  6 bullfrogs
  A wyvern zombie (D:10)
  A wyvern skeleton (D:9)
  10 killer bees
  2 howler monkeys
  A bullfrog zombie (D:9)
  5 crimson imps
  2 centaur zombies
  A quasit (D:11)
  4 hounds
  A jelly (D:10)
  6 orc priests
  3 centaur skeletons
  9 orc wizards
  5 bullfrog skeletons
  Jessica (D:3)
  3 iguanas
  Natasha (twice) (D:4)
  10 worker ants
  Robin (D:4)
  3 howler monkey skeletons
  3 gnolls (D:4)
  7 adders
  3 oozes
  3 adder skeletons
  A worm (D:2)
  4 dart slugs
  2 leopard geckos
  48 orcs
  3 ball pythons
  4 giant cockroaches
  15 goblins
  6 hobgoblins
  6 jackals
  5 quokkas
  A ball python zombie (D:5)
  9 bats
  6 frilled lizards
  A jackal zombie (D:5)
  23 kobolds
  2 leopard gecko skeletons
  A quokka skeleton (D:9)
  7 rats
305 creatures vanquished.

Vanquished Creatures (collateral kills)
  Erica (D:8)
  3 two-headed ogres
  Psyche (D:8)
  A water moccasin (D:8)
  A phantom (D:5)
  2 ogres
  2 crimson imps
  An orc priest (D:5)
  A hound (D:10)
  A bullfrog skeleton (D:9)
  2 orc wizards
  Natasha (D:4)
  A killer bee zombie (D:8)
  A gnoll (D:4)
  3 adders
  4 orcs
  A giant cockroach (D:8)
  5 goblins (D:4)
  2 hobgoblins
  A frilled lizard (D:3)
  2 kobolds (D:10)
  A leopard gecko zombie (D:5)
  A fungus (D:9)
  A plant (D:9)
40 creatures vanquished.

Vanquished Creatures (others)
  A hound (D:7)
  4 gnolls (D:7)
  A leopard gecko (D:7)
  4 fungi (D:9)
  5 plants
15 creatures vanquished.

Grand Total: 360 creatures vanquished

Notes
Turn   | Place    | Note
-------+----------+-------------------------------------------
     0 | D:1      | Gorglomux the Mummy Necromancer began the quest for the Orb.
     0 | D:1      | Reached XP level 1. HP: 13/13 MP: 4/4
    56 | D:1      | Reached skill level 3 in Spellcasting
   100 | D:1      | Reached XP level 2. HP: 10/19 MP: 1/6
   603 | D:1      | Reached XP level 3. HP: 16/24 MP: 1/8
   891 | D:2      | Found a basalt altar of Yredelemnul.
  1098 | D:2      | Found an ornate altar of the Wu Jian Council.
  1129 | D:2      | Found a glowing silver altar of Zin.
  1202 | D:2      | Reached XP level 4. HP: 30/30 MP: 6/10
  1206 | D:2      | Reached skill level 5 in Necromancy
  1604 | D:3      | Found a hide-covered altar of Uskayaw.
  1604 | D:3      | Found a sparkling altar of Nemelex Xobeh.
  1702 | D:3      | Became a worshipper of Uskayaw the Reveler
  1711 | D:3      | Reached * piety under Uskayaw
  1722 | D:3      | Reached ** piety under Uskayaw
  1798 | D:3      | Reached XP level 5. HP: 32/35 MP: 7/11
  1860 | D:3      | Noticed Jessica
  1862 | D:3      | Killed Jessica
  1862 | D:3      | Reached skill level 6 in Necromancy
  1868 | D:3      | Learned a level 4 spell: Animate Dead
  1882 | D:3      | Learned a level 4 spell: Control Undead
  2440 | D:3      | Found a shadowy altar of Dithmenos.
  2530 | D:4      | Found a white marble altar of Elyvilon.
  2911 | D:4      | Noticed Natasha
  2911 | D:4      | Reached XP level 6. HP: 41/41 MP: 7/12
  3119 | D:4      | Reached *** piety under Uskayaw
  3121 | D:4      | Reached **** piety under Uskayaw
  3122 | D:4      | Killed Natasha
  3122 | D:4      | Reached skill level 7 in Necromancy
  3234 | D:4      | Noticed Natasha
  3243 | D:4      | Killed Natasha
  3250 | D:4      | Noticed Natasha
  3473 | D:4      | Killed Natasha
  3483 | D:4      | Noticed Robin
  3856 | D:4      | Killed Robin
  4086 | D:4      | Noticed Grinder
  4099 | D:5      | Entered Level 5 of the Dungeon
  4109 | D:5      | Reached skill level 8 in Necromancy
  4112 | D:5      | Reached XP level 7. HP: 16/46 MP: 3/13
  4423 | D:4      | Paralysed by Grinder for 2 turns
  4440 | D:4      | Paralysed by Grinder for 4 turns
  4446 | D:4      | Killed Grinder
  4446 | D:4      | Reached skill level 9 in Necromancy
  4629 | D:5      | Noticed Sigmund
  4809 | D:4      | Found a deep blue altar of Sif Muna.
  4840 | D:4      | Noticed Edmund
  4859 | D:4      | Killed Edmund
  4859 | D:4      | Reached skill level 1 in Fighting
  5707 | D:5      | Killed Sigmund
  5707 | D:5      | Reached XP level 8. HP: 35/57 MP: 7/15
  5854 | D:5      | Got an ichor-stained quarterstaff
  6012 | D:5      | Identified the +4 quarterstaff "Yniraan" {venom, MP+9 Str+6} (You found it on level 5 of the Dungeon)
  6347 | D:5      | Reached skill level 3 in Fighting
  6502 | D:5      | Found a shattered altar of Ashenzari.
  6749 | D:6      | Reached skill level 6 in Spellcasting
  6863 | D:6      | Reached skill level 10 in Necromancy
  7366 | D:7      | Reached skill level 1 in Staves
  7366 | D:7      | Reached XP level 9. HP: 17/66 MP: 19/19
  7376 | D:7      | Learned a level 3 spell: Vampiric Draining
  7633 | D:7      | Found Baseydok's Magic Scroll Shoppe.
  7641 | D:7      | Bought a scroll of random uselessness for 13 gold pieces
  7676 | D:7      | Found Jequihat's Magic Scroll Shop.
  7743 | D:7      | Reached skill level 1 in Invocations
  7760 | D:7      | Found Efadd's Food Emporium.
  7891 | D:7      | Found Ruhanub's Food Shoppe.
  8028 | D:7      | Reached ***** piety under Uskayaw
  8091 | D:7      | Found Keafewuh's Assorted Antiques.
  8119 | D:7      | Found a staircase to the Ecumenical Temple.
  8247 | D:8      | Reached skill level 3 in Dodging
  8309 | D:8      | Found a shadowy altar of Dithmenos.
  8375 | D:8      | Reached skill level 3 in Invocations
  8384 | D:8      | Found a sacrificial altar of Ru.
  8392 | D:8      | Noticed Erica
  8405 | D:8      | Killed Erica
  8405 | D:8      | Reached skill level 3 in Staves
  8405 | D:8      | Reached XP level 10. HP: 59/76 MP: 22/22
  8414 | D:8      | Noticed a two-headed ogre
  8415 | D:8      | Noticed Maurice
  8422 | D:8      | Killed a two-headed ogre
  8426 | D:8      | Noticed Joseph
  8604 | D:8      | Killed Maurice
  8604 | D:8      | Reached skill level 6 in Fighting
  8666 | D:8      | Killed Joseph
  8728 | D:8      | Noticed Pikel
  8737 | D:8      | Killed Pikel
  8771 | D:8      | Found a stormy altar of Qazlal.
  8846 | D:8      | Noticed Psyche
  8852 | D:8      | Killed Psyche
  8857 | D:8      | Found Qoyx's Food Shoppe.
  9577 | D:9      | Reached skill level 9 in Spellcasting
  9616 | D:9      | Got a slimy great mace
  9620 | D:9      | Identified the +3 great mace of the Equinox {protect, rElec Str+3 Int-4 Dex+3} (You found it on level 9 of the Dungeon)
  9747 | D:9      | Noticed a two-headed ogre
 10152 | D:9      | Found a staircase to the Lair.
 10180 | D:9      | Reached XP level 11. HP: 43/84 MP: 23/24
 10204 | D:9      | Found a staircase to the Orcish Mines.
 10290 | D:9      | Found a blossoming altar of Fedhas.
 10304 | D:9      | Killed a two-headed ogre
 10311 | D:9      | Noticed an oklob plant
 10654 | D:10     | Entered Level 10 of the Dungeon
 10713 | D:10     | Reached ****** piety under Uskayaw
 11135 | D:10     | Noticed a two-headed ogre
 11152 | D:10     | Killed a two-headed ogre
 11406 | D:10     | Noticed a two-headed ogre
 11425 | D:10     | Killed a two-headed ogre
 11875 | D:10     | Noticed a two-headed ogre
 11881 | D:10     | Killed a two-headed ogre
 11881 | D:10     | Reached skill level 6 in Invocations
 12035 | D:11     | Reached skill level 6 in Dodging
 12425 | D:11     | Noticed a brown ugly thing
 12433 | D:11     | Killed an unseen horror
 12443 | D:11     | Killed a brown ugly thing
 12517 | D:11     | Noticed an eight-headed hydra
 12537 | D:11     | Noticed Urug
 13015 | D:10     | Hit by a javelin thrown by Urug

Vault maps used:
D:1:      dpeg_arrival_radiant, glass_columns_a, minmay_misc_feat_more_columns
D:2:      zin_scriptorium, lemuel_crystal_altar, nicolae_overflow_crystal_walls
D:3:      lemuel_crystal_altar, gammafunk_temple_overflow_statue, uniq_jessica
D:4:      lemuel_crystal_altar, lemuel_coloured_pillars_altar, first_bread,
          uniq_natasha, uniq_grinder, uniq_robin, uniq_edmund
D:5:      overflow_temple_1_default, uniq_sigmund
D:7:      lemuel_temple_firewalk_a, serial_shops,
          nicolae_shop_competitors_out_of_business, shop,
          nicolae_shop_overgrown_old_shop, shop, shop, minmay_fountain_box,
          grunt_livestock
D:8:      grunt_qazlal_clouds, kennysheep_little_box, serial_shops, shop,
          nicolae_dithmenos_shadow_blocks, uniq_erica, uniq_psyche,
          uniq_maurice, uniq_joseph, uniq_pikel
D:9:      minmay_imperfect_grid, tgw_fedhas, erik_lair_orcish_takeover,
          eino_small_chamber_without_monster
D:11:     uniq_urug, uniq_harold

Skill      XL: |  1  2  3  4  5  6  7  8  9 10 11 |
---------------+----------------------------------+-----
Spellcasting   | 3 4 5 6 8 9 |  9.6
Necromancy     | 5 6 8 9 10 | 10.8
Fighting       | 2 4 5 7 8 |  8.3
Staves         | 1 3 4 5 |  5.8
Invocations    | 3 5 6 |  6.3
Dodging        | 3 4 6 |  6.2
Stealth        | |  1.5

Action                   |  1- 3 |  4- 6 |  7- 9 | 10-12 || total
-------------------------+-------+-------+-------+-------++-------
Melee: Dagger            |    23 |       |       |       ||    23
       Unarmed           |     4 |       |       |       ||     4
       Whip              |    38 |     6 |       |       ||    44
       Hand axe          |       |    51 |   203 |       ||   254
       Quarterstaff      |       |       |   135 |   398 ||   533
 Cast: Pain              |    81 |   120 |   104 |    41 ||   346
       Animate Dead      |       |    16 |    21 |    36 ||    73
       Control Undead    |       |     3 |     9 |       ||    12
       Vampiric Draining |       |       |     9 |    54 ||    63
Invok: Stomp             |       |       |     4 |       ||     4
       Line Pass         |       |       |     1 |       ||     1
Evoke: Wand              |       |       |    12 |     5 ||    17
       Lightning rod     |       |       |       |     4 ||     4
  Use: Scroll            |     3 |     2 |     8 |     4 ||    17
 Stab: Paralysed         |       |     4 |    12 |    16 ||    32
       Sleeping          |       |       |     1 |     9 ||    10
       Distracted        |       |       |       |     1 ||     1
Armor: Robe              |    21 |    29 |   125 |    78 ||   253
Dodge: Dodged            |    77 |    85 |   298 |   414 ||   874
